AoeStats
← Juanfreelance

Pilgrims

510249621Analyzed
2v2 RM · 2d ago on Sep 30, 2026· 28m 52s· 4 players
Game mode
Random Map
Map size
Medium (4 player)
Population
200
Speed
Normal
Resources
Standard
Victory
Conquest
Starting age
Dark Age
Ending age
Imperial Age
RankedLock teamsTeams togetherTeam positionsShared explorationLock speedFull tech treeHidden civsTurbo modeCheats
Victory
Defeat
🇺🇸 Berbers · United States
1324
+12
🇯🇵 Sicilians · Japan
1292
+14
🇵🇦 Persians · Panama
1323
-16
🇲🇽 Sicilians · Mexico
1165
-10
Asgard
6:56 Loom
10:48 Feudal Age
14:31 Castle Age
12:30 Double-Bit Axe
14:02 Gold Mining
14:14 Fletching
15:38 Medium Warships
15:19 Town Watch
16:19 Bow Saw
21:45 Stone Mining
25:37 Wheelbarrow
24:54 Horse Collar
31:26 Imperial Age
qinoa
8:00 Loom
10:15 Feudal Age
10:50 Town Watch
10:52 Double-Bit Axe
17:39 Castle Age
16:45 Scale Mail Armor
17:07 Fletching
19:10 Bodkin Arrow
24:02 Horse Collar
28:51 Wheelbarrow
chaquin_7
3:29 Loom
10:02 Feudal Age
13:34 Forging
16:41 Scale Mail Armor
16:54 Fletching
Juanfreelance
6:05 Loom
10:30 Feudal Age
15:28 Castle Age
Connection lost

Rejoining the realm…

Still unreachable

The connection could not be restored.

Session expired

The server has moved on; the page needs a fresh start.